 Dungeon Crawl Stone Soup version 0.31-a0-1010-g5322dac6a2 (webtiles) character file.

Game seed: 14629813090770917911

73 kae the Vexing (level 4, -1/30 HPs)
             Began as a Demonspawn Enchanter on Nov 16, 2023.
             Slain by a gnoll
             ... wielding a +0 halberd
              (14 damage)
             ... on level 2 of the Dungeon.
             The game lasted 00:01:31 (1682 turns).

kae the Vexing (Demonspawn Enchanter)               Turns: 1682, Time: 00:01:31

Health: -1/30      AC:  5    Str: 11    XL:     4   Next: 8%
Magic:  0/7        EV: 12    Int: 16    God:
Gold:   92         SH:  0    Dex: 13    Spells: 2/7 levels left

rFire   . . .        a - +1 dagger
rCold   . . .        (no shield)
rNeg    . . .        b - +0 robe
rPois   .            (no helmet)
rElec   .            (no cloak)
rCorr   .            (no gloves)
SInv    .            h - +0 pair of boots
Will    .....        (no amulet)
Stlth   ++           (no ring)
HPRegen 0.25/turn    (no ring)
MPRegen 0.10/turn

%: no passive effects
@: very slightly contaminated
A: claws 1, slimy green scales 1
a: no special abilities


You were on level 2 of the Dungeon.
You visited 1 branch of the dungeon, and saw 2 of its levels.

You collected 92 gold pieces.


Innate Abilities, Weirdness & Mutations

You have sharp fingernails.
You are partially covered in slimy green scales. (AC +2)


   Skills:
 * Level 2.3 Short Blades
 - Level 1.7 Dodging
 + Level 3.1 Stealth
 + Level 2.4 Spellcasting
 + Level 3.4 Hexes
 + Level 0.4 Ice Magic


You had 2 spell levels left.
You knew the following spells:

 Your Spells              Type           Power      Damage    Failure   Level
a - Ensorcelled Hibernat  Hex/Ice        16%        N/A       14%         2
b - Confusing Touch       Hex            12%        N/A       14%         3

Your spell library contained the following spells:

 Spells                   Type           Power      Damage    Failure   Level
 Apportation              Tloc           2%         N/A       21%         1
 Necrotise                Necr           4%         1d4       21%         1
 Summon Small Mammal      Summ           4%         N/A       21%         1
 Tukima's Dance           Hex            12%        N/A       14%         3
 Dazzling Flash           Conj/Hex       14%        N/A       30%         3

Inventory:

Hand Weapons
 a - a +1 dagger (weapon)
Missiles
 d - 18 stones
 k - 2 poisoned darts
Armour
 b - a +0 robe (worn)
 h - a +0 pair of boots (worn)
   (You found it on level 2 of the Dungeon)
Jewellery
 C - a ring of ice
   (You found it on level 2 of the Dungeon)
 D - a +6 ring of dexterity
   (You took it off a hobgoblin on level 2 of the Dungeon)
 O - a +4 ring of protection
   (You found it on level 2 of the Dungeon)
Scrolls
 e - a scroll of identify {unknown}
 f - 2 scrolls of teleportation {unknown}
 i - a scroll of noise {unknown}
Potions
 c - 2 potions of invisibility
 g - a potion of berserk rage {unknown}
 j - a potion of brilliance {unknown}

Dungeon Overview and Level Annotations

Branches:
Dungeon (2/15) Zot: 10325

Altars:

#### ...# .# ...## ###.# ....#
#.#.. ..#.# ....# #.#.####.#.#
....####.#.#....#.#
....#....#......#.# ###.#....#...
#.#g###########
#.#....#.####.@...........# #
#..........##.............#####
#####........)...................
.........#<#.##)............#####
.....#######.##.............#
#..##......#.##.............#
#..##.####.#.##.#.#)#########
...##.# .....#.#.# ...##.#
#.####.#.##


You could see a gnoll.


Message History

You take 5 damage, and now have 16/24 hp.
MASSIVE DAMAGE!! (PAUSE)
You lost 2 mp, and now have 2/6 mp.
Casting: Ensorcelled Hibernation (safe; 14% risk of failure)
Confirm with . or Enter, or press ? or * to list all spells.
Aiming: Ensorcelled Hibernation (safe; 14% risk of failure)
Press: ? - help, Shift-Dir - straight line, f/p - gnoll
Aim: a gnoll, wielding a +0 halberd (chance to affect: 50%)
The gnoll looks drowsy... 😮 MP[-2]
You lost 2 mp, and now have 0/6 mp.
Unknown command.
Casting: Ensorcelled Hibernation (safe; 14% risk of failure)
Confirm with . or Enter, or press ? or * to list all spells.
You don't have enough magic to cast this spell.
The helpless gnoll fails to defend itself.
You puncture the gnoll!
You kill the gnoll!
Unknown command.
Things that are here:
a +0 halberd; a gnoll corpse; a ball python corpse 😮 HP[+1]
You start resting. 😕 HP[+3] MP[+1]
You regained 3 hp, and now have 20/24 hp.
There is a stone staircase leading down here. 😕 MP[+1]
You start resting. 😎 HP[+4] MP[+1]
Your hp is fully restored (24).
You start resting. 😎 MP[+2]
You regained 2 mp, and now have 5/6 mp.
You climb downwards.
There is a stone staircase leading up here.
The gnoll barely misses you.
You see here a +0 dagger.
The gnoll barely misses you.
Casting: Ensorcelled Hibernation (safe; 14% risk of failure)
Confirm with . or Enter, or press ? or * to list all spells.
Aiming: Ensorcelled Hibernation (safe; 14% risk of failure)
Press: ? - help, Shift-Dir - straight line, f - gnoll
Aim: a gnoll, wielding a +0 spear (chance to affect: 50%)
The gnoll looks drowsy... 😎 MP[-2]
You lost 2 mp, and now have 3/6 mp.
Casting: Ensorcelled Hibernation (safe; 14% risk of failure)
Confirm with . or Enter, or press ? or * to list all spells.
You can't see any susceptible monsters within range! (Use Z to cast anyway.)
The helpless gnoll fails to defend itself.
You puncture the gnoll!
You kill the gnoll!
You have reached level 4!
You feel stronger.
Your demonic ancestry asserts itself...
Slimy green scales grow over part of your body. 😎 HP[+6]
You now have 30 max hp (+6).
Your hp is fully restored (30).
A gnoll is nearby! 😎 MP[+1] Unknown command.
A gnoll is nearby!
A gnoll is nearby!
Unknown command.
The gnoll shouts!
The gnoll hits you with a +0 halberd! 😮 HP[-10]
You take 10 damage, and now have 20/30 hp.
MASSIVE DAMAGE!! (PAUSE)
Casting: Ensorcelled Hibernation (safe; 14% risk of failure)
Confirm with . or Enter, or press ? or * to list all spells.
Aiming: Ensorcelled Hibernation (safe; 14% risk of failure)
Press: ? - help, Shift-Dir - straight line, f - gnoll
Aim: a gnoll, wielding a +0 halberd (chance to affect: 50%)
You miscast Ensorcelled Hibernation.
You are very lightly contaminated with residual magic.
Nothing appears to happen.
The gnoll closely misses you. 😮 HP[+1] MP[-2]
You lost 2 mp, and now have 2/7 mp.
Casting: Ensorcelled Hibernation (safe; 14% risk of failure)
Confirm with . or Enter, or press ? or * to list all spells.
Aiming: Ensorcelled Hibernation (safe; 14% risk of failure)
Press: ? - help, Shift-Dir - straight line, f/p - gnoll
Aim: a gnoll, wielding a +0 halberd (chance to affect: 50%)
The gnoll resists with some effort.
The gnoll barely misses you. 😮 MP[-2]
You lost 2 mp, and now have 0/7 mp.
Unknown command.
Casting: Ensorcelled Hibernation (safe; 14% risk of failure)
Confirm with . or Enter, or press ? or * to list all spells.
You don't have enough magic to cast this spell.
You hit the gnoll. The gnoll barely misses you.
You hit the gnoll. Your claw misses the gnoll.
The gnoll hits you with a +0 halberd!
* * * LOW HITPOINT WARNING * * *
Unknown command. 😨 HP[-9]
You take 9 damage, and now have 12/30 hp.
MASSIVE DAMAGE!! (PAUSE)
You barely miss the gnoll. The gnoll hits you with a +0 halberd!
You die...

Skill      XL: |  1  2  3 |
---------------+----------+-----
Short Blades   | 1 2 |  2.3
Stealth        | 3 |  3.1
Dodging        | |  1.7
Spellcasting   | |  2.4
Hexes          | |  3.4
Ice Magic      | |  0.4

Action                     |  1- 3 |  4- 6 || total
---------------------------+-------+-------++-------
  Melee: Dagger            |   163 |     3 ||   166
         Punch             |     4 |       ||     4
   Cast: Ensorcelled Hiber |     9 |     1 ||    10
   Stab: Sleeping          |    10 |       ||    10
 Armour: Robe              |    93 |     3 ||    96
  Dodge: Dodged            |    87 |     3 ||    90

Levels and vault maps discovered:
D:1:      denvon_arrival_hothouse, layout_loops_cross,
          chequers_serial_rivers_small_a, minivault_11
D:2:      layout_basic

Notes
Turn   | Place    | Note
-------+----------+-------------------------------------------
     0 | D:1      | kae the Demonspawn Enchanter began the quest for the Orb.
     0 | D:1      | Reached XP level 1. HP: 13/13 MP: 3/3
     0 | D:1      | magus.rc [v1.11.3]
    49 | D:1      | Reached skill level 1 in Short Blades
   197 | D:1      | HP: 2/13 [dart slug/slug dart (4)]
   200 | D:1      | Gained mutation: You have sharp fingernails. [demonic
                  | ancestry]
   200 | D:1      | Reached XP level 2. HP: 4/19 MP: 5/5
   485 | D:1      | You pick up a book of Cantrips and begin reading...
   485 | D:1      | You add the spells Necrotise, Summon Small Mammal and
                  | Apportation to your library.
   650 | D:1      | Reached skill level 3 in Stealth
   709 | D:1      | Reached XP level 3. HP: 12/24 MP: 6/6
   712 | D:1      | Learned a level 2 spell: Ensorcelled Hibernation
   716 | D:1      | Learned a level 3 spell: Confusing Touch
  1104 | D:2      | Reached skill level 2 in Short Blades
  1293 | D:2      | HP: 6/24 [endoplasm (3)]
  1298 | D:2      | HP: 3/24 [hobgoblin (4)]
  1512 | D:2      | HP: 3/24 [gnoll/+0 halberd (11)]
  1673 | D:2      | Gained mutation: You are partially covered in slimy green
                  | scales. (AC +2) [demonic ancestry]
  1673 | D:2      | Reached XP level 4. HP: 30/30 MP: 3/7
  1682 | D:2      | Slain by a gnoll

Vanquished Creatures
  2 gnolls
  5 dart slugs
  3 bats
  7 endoplasms
  2 giant cockroaches
  A goblin (D:1)
  4 hobgoblins
  3 jackals (D:2)
  2 quokkas
  4 ball pythons
  2 frilled lizards
  5 kobolds
  A rat (D:2)
41 creatures vanquished.

Table legend:
 A = Non-vault XP
 B = Vault XP
 C = Vault XP percentage of total XP
 D = Non-vault monster count
 E = Vault monster count
 F = Vault count percentage of total count
                 A         B        C        D         E       F
            +---------+---------+-------+---------+---------+-------
      Total |     105 |       0 |   0.0 |      41 |       0 |   0.0
            +---------+---------+-------+---------+---------+-------
        D:1 |      64 |       0 |   0.0 |      25 |       0 |   0.0
        D:2 |      41 |       0 |   0.0 |      16 |       0 |   0.0
            +---------+---------+-------+---------+---------+-------

Skill      XL: |  1  2  3 |
---------------+----------+-----
Short Blades   | 1 2 |  2.3
Stealth        | 3 |  3.1
Dodging        | |  1.7
Spellcasting   | |  2.4
Hexes          | |  3.4
Ice Magic      | |  0.4

Action                     |  1- 3 |  4- 6 || total
---------------------------+-------+-------++-------
  Melee: Dagger            |   163 |     3 ||   166
         Punch             |     4 |       ||     4
   Cast: Ensorcelled Hiber |     9 |     1 ||    10
   Stab: Sleeping          |    10 |       ||    10
 Armour: Robe              |    93 |     3 ||    96
  Dodge: Dodged            |    87 |     3 ||    90

Illustrated notes

Table legend:
 A = Kills in this place as a percentage of kills in the entire game.
 B = Kills by you in this place as a percentage of kills by you in the entire game.
 C = Kills by friends in this place as a percentage of kills by friends in the entire game.
 D = Other kills in this place as a percentage of other kills in the entire game.
 E = Experience gained in this place as a percentage of experience gained in the entire game.
 F = Experience gained in this place divided by the number of levels of this place that you have seen.
                   A       B       C       D       E      F
               +-------+-------+-------+-------+-------+----------------------
         Total | 100.0 | 100.0 |   N/A |   N/A | 100.0 |  52.5
       Dungeon | 100.0 | 100.0 |   N/A |   N/A | 100.0 |  52.5
               +-------+-------+-------+-------+-------+----------------------

Table legend: (Time is in decaauts)
 A = Elapsed time spent in this place.
 B = Non-inter-level travel time spent in this place.
 C = Inter-level travel time spent in this place.
 D = Time resting spent in this place.
 E = Time spent auto-exploring this place.
 F = Levels seen in this place.
 G = Mean time per level.
                   A        B        C        D        E       F      G
               +--------+--------+--------+--------+--------+-----+--------+
         Total |   1673 |   1659 |     14 |    158 |   1110 |   2 |  836.5 |
       Dungeon |   1673 |   1659 |     14 |    158 |   1110 |   2 |  836.5 |
               +--------+--------+--------+--------+--------+-----+--------+

Top non-repeatable levels by time:
     D:1: 1148 daAuts
     D:2: 525 daAuts
